AoeStats
← Blazing Cartesia, The Virtuous

Arabia

507630841Analyzed
1v1 RM · 13d ago on Sep 19, 2026· 30m 5s· 2 players
Game mode
Random Map
Map size
Tiny (2 player)
Population
200
Speed
Normal
Resources
Standard
Victory
Conquest
Starting age
Dark Age
Ending age
Imperial Age
RankedLock teamsTeams togetherTeam positionsShared explorationLock speedFull tech treeHidden civsTurbo modeCheats
Victory
Defeat
1150
+16
🇨🇴 Italians · Colombia
1140
-16
Impeesa91
4:38 Loom
4:56 Loom
7:13 Loom
7:18 Loom
9:41 Feudal Age
11:51 Horse Collar
18:21 Scale Barding Armor
20:30 Forging
21:29 Double-Bit Axe
24:24 Castle Age
24:38 Bloodlines
26:13 Chain Barding Armor
28:55 Chain Barding Armor
Blazing Cartesia, The Virtuous
6:31 Loom
9:54 Feudal Age
10:27 Double-Bit Axe
10:30 Man-at-Arms
14:15 Horse Collar
15:14 Fletching
21:54 Castle Age
20:14 Arson
20:45 Forging
20:46 Gold Mining
21:46 Scale Mail Armor
22:45 Bow Saw
22:36 Heavy Plow
24:20 Squires
27:19 Iron Casting
28:44 Chain Mail Armor
28:42 Pikeman
Connection lost

Rejoining the realm…

Still unreachable

The connection could not be restored.

Session expired

The server has moved on; the page needs a fresh start.